 Seeded DCSS version 0.31-a0-339-gda1cbd555d (webtiles) character file.

Game seed: 14215367866634240820 (custom seed)

9049 innerfire43 the Fighter (level 11, -1/90 HPs)
             Began as a Demonspawn Monk on July 20, 2023.
             Was an Elder of Qazlal.
             Slain by an orc warrior
             ... wielding a +0 glaive
              (6 damage)
             ... on level 1 of the Orcish Mines.
             The game lasted 00:11:30 (6629 turns).

innerfire43 the Fighter (Demonspawn Monk)           Turns: 6629, Time: 00:11:30

Health: -1/90      AC: 19    Str: 14    XL:     11   Next: 17%
Magic:  23/23      EV: 13    Int: 11    God:    Qazlal [****..]
Gold:   478        SH: 20    Dex: 16    Spells: 10/10 levels left

rFire   . . .        L - +5 broad axe (flame)
rCold   . . .        j - +0 buckler
rNeg    . . .        O - +4 troll leather armour
rPois   +            (helmet restricted)
rElec   +            (no cloak)
rCorr   +            m - +0 pair of gloves
SInv    .            a - +5 pair of boots of Going Fast {rElec Regen+ MP+9 Str-2}
Will    .....        b - amulet of magic regeneration
Stlth   +            x - ring of resist corrosion
HPRegen 1.95/turn    I - ring of poison resistance
MPRegen 0.58/turn

%: repel missiles
@: no status effects
A: horns 1, large bone plates 1, demonic guardian 2, icemail 1, condensation
shield
a: Renounce Religion, Upheaval, Elemental Force


You were on level 1 of the Orcish Mines.
You worshipped Qazlal.
Qazlal was greatly pleased with you.
You visited 3 branches of the dungeon, and saw 11 of its levels.
You also visited: Sewer.

You collected 695 gold pieces.
You spent 217 gold pieces at shops.

Inventory:

Hand Weapons
 L - a +5 broad axe of flaming (weapon)
Missiles
 g - 4 silver javelins (quivered)
Armour
 a - the +5 pair of boots of Going Fast (worn) {rElec Regen+ MP+9 Str-2}
   (You acquired it on level 3 of the Dungeon)

   Str:       It affects your strength (-2).
   rElec:     It insulates you from electricity.
   MP:        It affects your magic capacity (+9).
   Regen:     It increases your rate of health regeneration.
 d - an orb of light
 e - +0 steam dragon scales
 j - a +0 buckler (worn)
 m - a +0 pair of gloves (worn)
 O - a +4 troll leather armour (worn)
Jewellery
 b - an amulet of magic regeneration (around neck)
 x - a ring of resist corrosion (left hand)
 F - a ring of see invisible
 H - a ring of flight
 I - a ring of poison resistance (right hand)
Talismans
 B - a serpent talisman
Wands
 r - a wand of roots (19)
 s - a wand of polymorph (26)
 t - a wand of mindburst (19)
 y - a wand of quicksilver (17)
 E - a wand of paralysis (22)
 M - a wand of flame (30)
Scrolls
 c - a scroll of fog
 i - 2 scrolls of amnesia {unknown}
 l - a scroll of identify
 o - a scroll of torment {unknown}
 p - a scroll of revelation {unknown}
 q - 2 scrolls of teleportation {unknown}
 w - 2 scrolls of blinking {unknown}
 A - 3 scrolls of vulnerability {unknown}
 D - a scroll of summoning {unknown}
 G - a scroll of fear {unknown}
Potions
 f - 5 potions of curing {unknown}
 h - 3 potions of ambrosia
 n - a potion of berserk rage
 u - a potion of lignification
 v - a potion of degeneration
 z - a potion of attraction
 C - 2 potions of haste
 J - 2 potions of might
 K - 3 potions of brilliance
 N - a potion of heal wounds


   Skills:
 - Level 10.0 Fighting
 + Level 9.7 Axes
 * Level 3.5 Armour
 * Level 4.8 Dodging
 * Level 7.5 Shields
 * Level 4.1 Invocations


You had 10 spell levels left.
You didn't know any spells.
Your spell library contained the following spells:

 Spells                   Type           Power      Damage    Failure   Level
 Apportation              Tloc           0%         N/A       50%         1
 Necrotise                Necr           0%         1d4       50%         1
 Sandblast                Erth           0%         2d4       50%         1
 Summon Small Mammal      Summ           0%         N/A       50%         1
 Passwall                 Tmut/Erth      0%         N/A       63%         2
 Sublimation of Blood     Necr           0%         N/A       63%         2
 Gell's Gravitas          Tloc           0%         N/A       86%         3
 Stone Arrow              Conj/Erth      0%         3d7       86%         3
 Teleport Other           Tloc           0%         N/A       86%         3
 Petrify                  Tmut/Erth      0%         N/A       99%         4
 Irradiate                Conj/Tmut      0%         3d11      100%        5
 Dispersal                Tloc           0%         N/A       100%        6


Dungeon Overview and Level Annotations

Branches:
Dungeon (9/15)             Temple (1/1) D:7            Lair (0/5) D:9
    Orc (1/2) D:9           Sewer (visited)

Altars:
Ashenzari
Cheibriados
Dithmenos
Fedhas
Gozag
Hepliaklqana
Kikubaaqudgha
Makhleb
Nemelex Xobeh
Okawaru
Qazlal
Ru
Sif Muna
Trog
Uskayaw
Vehumet
Wu Jian
Xom
Yredelemnul

Shops:
D:4 [   D:5 *   D:7 *   D:9 !


Innate Abilities, Weirdness & Mutations

You have a pair of small horns on your head.
You are partially covered in large bone plates. (SH +4)
A demonic guardian rushes to your aid.
A meltable icy envelope protects you from harm. (AC +4)
A meltable shield of frost defends you. (SH +4)


Message History

You barely miss Harold. Your headbutt misses Harold.
Harold is severely wounded.
You slash the orc priest! You burn the orc priest. You slash the orc knight!
You burn the orc knight.
Your rust devil barely misses the orc priest.
The orc knight is engulfed in a thunderstorm.
You kill the orc knight!
Qazlal accepts your kill.
The orc priest hits you with a +0 flail.
* * * LOW HITPOINT WARNING * * *
You block the orc warrior's attack. You block Harold's attack.
You slice Harold!! You burn Harold.
You kill Harold!
Qazlal accepts your kill.
Harold groans, "My... family..." and then collapses, dead.
You closely miss the orc priest.
The orc warrior no longer looks unusually strong.
Your rust devil barely misses the orc priest.
You block the orc warrior's attack.
The orc priest calls down the wrath of Beogh upon you.
Beogh smites you!
* * * LOW HITPOINT WARNING * * *
Your Invocations skill increases to level 4!
You closely miss the orc priest.
The orc priest is severely wounded.
You slash the troll! You burn the troll.
Your rust devil hits the orc priest.
Your rust devil corrodes the orc priest!
The orc warrior hits you but does no damage.
The troll bites you.
* * * LOW HITPOINT WARNING * * *
You block the troll's attack. x2; The orc priest misses you.
You slash the orc priest! You burn the orc priest.
You kill the orc priest!
Qazlal accepts your kill.
You hit the troll. You burn the troll. The troll barely misses you.
The troll claws you!
* * * LOW HITPOINT WARNING * * *
You block the troll's attack.
The orc warrior hits you from afar with a +0 glaive.
You die...

#.............##
##..#...........#..
#..........##.....$
##.##.......##.....
#...#.#.#...#....#
##.#...###.#....##.
####.####.........
### #..4°°.....
#.#)@To.....
#...☼)#......
##.$.°#.....>
#.#... ...#.
#...#.#......
##.#......... ##
... #. . ..## ..


You could see a troll (ally target), an orc warrior and a friendly rust devil
(summoned).

Vanquished Creatures
  Harold (Orc:1)
  Nergalle (Orc:1)
  Pikel (D:7)
  An orc knight (Orc:1)
  Maggie (D:7)
  2 trolls (Orc:1)
  A hornet (D:9)
  A wyvern (D:8)
  6 yaks
  A steam dragon (D:8)
  A warg (Orc:1)
  2 water moccasins
  Duvessa (D:7)
  Pargi (Sewer)
  8 orc warriors
  2 ice beasts
  2 sky beasts
  3 black bears
  3 ogres (Orc:1)
  A centaur (D:8)
  A lemure (D:7)
  A kobold brigand (D:8)
  A phantom (D:5)
  A bullfrog (D:9)
  2 scorpions
  A gnoll sergeant (D:9)
  8 wights (D:7)
  Dowan (D:7)
  3 killer bees (D:9)
  4 hounds
  10 orc priests
  Ijyb (D:4)
  2 iguanas
  12 orc wizards
  7 gnolls
  4 adders
  2 white imps
  2 worms
  2 dart slugs
  34 orcs
  10 ball pythons
  10 endoplasms
  8 giant cockroaches
  9 goblins
  6 hobgoblins
  6 jackals (D:1)
  14 kobolds
  9 quokkas
  5 bats
  6 frilled lizards
  4 rats
226 creatures vanquished.

Vanquished Creatures (collateral kills)
  A troll (D:9)
  2 yaks (D:7)
  A steam dragon (D:7)
  A scorpion (D:6)
  A hound (D:5)
  An iguana (D:4)
  Terence (D:3)
  A gnoll (D:2)
  3 orcs
  A quokka (D:3)
13 creatures vanquished.

Grand Total: 239 creatures vanquished

Notes
Turn   | Place    | Note
-------+----------+-------------------------------------------
     0 | D:1      | innerfire43 the Demonspawn Monk began the quest for the
                  | Orb.
     0 | D:1      | Reached XP level 1. HP: 18/18 MP: 1/1
    52 | D:1      | Gained mutation: A weak demonic guardian rushes to your
                  | aid. [demonic ancestry]
    52 | D:1      | Reached XP level 2. HP: 8/24 MP: 2/2
   521 | D:1      | Reached XP level 3. HP: 29/29 MP: 3/3
  1182 | D:2      | Gained mutation: A demonic guardian rushes to your aid.
                  | [demonic ancestry]
  1182 | D:2      | Reached XP level 4. HP: 10/35 MP: 4/4
  1705 | D:3      | Noticed Terence
  1729 | D:3      | Killed Terence
  1730 | D:3      | Reached XP level 5. HP: 8/42 MP: 5/5
  2100 | D:3      | Identified a scroll of acquirement
  2100 | D:3      | Acquired the +5 pair of boots of Going Fast {rElec Regen+
                  | MP+9 Str-2}
  2263 | D:3      | Reached skill level 4 in Fighting
  2583 | D:4      | Found Junwutirr's Armour Shoppe.
  2655 | D:4      | Noticed Ijyb
  2669 | D:4      | Killed Ijyb
  2857 | D:4      | Noticed a black bear
  2867 | D:4      | Killed a black bear
  2868 | D:4      | Reached XP level 6. HP: 34/49 MP: 6/6
  2894 | D:4      | Found a glowing drain.
  2902 | D:4      | Reached skill level 5 in Axes
  2912 | Sewer    | Entered a sewer
  2952 | Sewer    | Noticed Pargi
  2961 | Sewer    | Killed Pargi
  2962 | Sewer    | Reached skill level 5 in Fighting
  3206 | D:4      | Gained mutation: A meltable shield of frost defends you.
                  | (SH +4) [demonic ancestry]
  3206 | D:4      | Reached XP level 7. HP: 56/56 MP: 7/7
  3427 | D:5      | Entered Level 5 of the Dungeon
  3581 | D:5      | Reached skill level 6 in Fighting
  3802 | D:5      | Found Ucuimn's Serpentskin Sales.
  3815 | D:5      | Gained mutation: You are partially covered in large bone
                  | plates. (SH +4) [demonic ancestry]
  3815 | D:5      | Reached XP level 8. HP: 21/65 MP: 8/8
  4231 | D:6      | Reached skill level 7 in Fighting
  4248 | D:6      | Identified the +1 long sword "Demon's Foe" {pain, *Slow
                  | rPois Str-4 Int+5}
  4688 | D:7      | Found a staircase to the Ecumenical Temple.
  4694 | D:7      | Noticed Dowan
  4694 | D:7      | Noticed Duvessa
  4710 | D:7      | Killed Duvessa
  4717 | D:7      | Killed Dowan
  4721 | Temple   | Entered the Ecumenical Temple
  4737 | Temple   | Became a worshipper of Qazlal Stormbringer
  4737 | Temple   | Reached * piety under Qazlal
  4737 | Temple   | Reached ** piety under Qazlal
  4759 | D:7      | Noticed Pikel
  4781 | D:7      | Killed Pikel
  4782 | D:7      | Reached skill level 8 in Fighting
  4842 | D:7      | Gained mutation: You have a pair of small horns on your
                  | head. [demonic ancestry]
  4842 | D:7      | Reached XP level 9. HP: 75/75 MP: 9/9
  4874 | D:7      | Reached skill level 1 in Shields
  4912 | D:7      | Found Jeemya's Assorted Antiques.
  4917 | D:7      | Bought a glowing broad axe for 217 gold pieces
  5057 | D:7      | Noticed Maggie
  5065 | D:7      | Killed Maggie
  5177 | D:7      | Reached skill level 9 in Fighting
  5183 | D:7      | Reached skill level 5 in Shields
  5285 | D:8      | Gained mutation: A meltable icy envelope protects you from
                  | harm. (AC +4) [demonic ancestry]
  5285 | D:8      | Reached XP level 10. HP: 83/83 MP: 10/10
  5533 | D:8      | Reached *** piety under Qazlal
  5800 | D:9      | Found a sacrificial altar of Ru.
  5803 | D:9      | Found an ancient bone altar of Kikubaaqudgha.
  5803 | D:9      | Found a hide-covered altar of Uskayaw.
  5804 | D:9      | Found a sparkling altar of Nemelex Xobeh.
  5804 | D:9      | Found a basalt altar of Yredelemnul.
  5870 | D:9      | Found a staircase to the Lair.
  6015 | D:9      | Found Luocluk's Distillery.
  6215 | D:9      | Reached skill level 1 in Armour
  6388 | D:9      | Reached skill level 10 in Fighting
  6391 | D:9      | Found a staircase to the Orcish Mines.
  6406 | Orc:1    | Entered Level 1 of the Orcish Mines
  6432 | Orc:1    | Noticed Nergalle
  6463 | Orc:1    | Reached skill level 1 in Invocations
  6477 | Orc:1    | Killed Nergalle
  6482 | Orc:1    | Reached **** piety under Qazlal
  6564 | Orc:1    | Reached XP level 11. HP: 66/90 MP: 13/13
  6611 | Orc:1    | Noticed Harold
  6613 | Orc:1    | Noticed an orc knight
  6626 | Orc:1    | Killed an orc knight
  6627 | Orc:1    | Killed Harold
  6629 | Orc:1    | Slain by an orc warrior

Illustrated notes

Levels and vault maps discovered:
D:1:      dpeg_arrival_castle, layout_basic, serial_forest,
          infiniplex_forest_straight_2, infiniplex_forest_straight_3,
          infiniplex_forest_clump_double, infiniplex_forest_lined_1,
          infiniplex_forest_clump_small, infiniplex_forest_straight_2,
          infiniplex_forest_lined_3_way
D:2:      layout_rooms
D:3:      layout_basic, general_overflow_altar, uniq_terence
D:4:      minmay_chambers_of_fours, layout_loops_ring, gup_sewer_entry_pipe,
          serial_shops, shop, uniq_ijyb
D:5:      layout_basic, guppyfry_shop_venom
D:6:      layout_rooms
D:7:      layout_rooms, minmay_temple_entry_hall, serial_shops,
          nicolae_shop_overgrown_old_shop, uniq_pikel, uniq_maggie, uniq_duvessa
D:8:      layout_cave_pools
D:9:      layout_basic, grunt_temple_overflow_open, lair_entry_dummy,
          serial_shops, shop
Temple:   nicolae_temple_elliptical
Orc:1:    layout_caves, uniq_nergalle, uniq_harold

Skill      XL: |  1  2  3  4  5  6  7  8  9 10 11 |
---------------+----------------------------------+-----
Axes           | 3 4 5 6 8 9 |  9.7
Dodging        | 3 4 |  4.8
Fighting       | 4 5 6 8 9 10 | 10.0
Shields        | 5 7 |  7.5
Armour         | 3 |  3.5
Invocations    | 3 4 |  4.1

Action                     |  1- 3 |  4- 6 |  7- 9 | 10-12 || total
---------------------------+-------+-------+-------+-------++-------
  Melee: Hand axe          |    94 |    62 |       |       ||   156
         War axe           |       |   117 |   172 |       ||   289
         Broad axe         |       |       |    33 |   157 ||   190
         Headbutt          |       |       |    12 |    30 ||    42
  Throw: Javelin           |     3 |     2 |       |       ||     5
    Use: Potion            |     1 |       |       |       ||     1
         Scroll            |       |     2 |     3 |    12 ||    17
 Armour: Robe              |    12 |    79 |    73 |       ||   164
         Steam dragon scal |       |       |     4 |    19 ||    23
         Troll leather arm |       |       |       |    42 ||    42
  Dodge: Dodged            |    77 |   148 |   101 |    80 ||   406
         Repelled          |       |       |       |     1 ||     1
  Block: Orb               |       |       |    83 |       ||    83
         Buckler           |       |       |       |   187 ||   187

Table legend: (Time is in decaauts)
 A = Elapsed time spent in this place.
 B = Non-inter-level travel time spent in this place.
 C = Inter-level travel time spent in this place.
 D = Time resting spent in this place.
 E = Time spent auto-exploring this place.
 F = Levels seen in this place.
 G = Mean time per level.
                   A        B        C        D        E       F      G
               +--------+--------+--------+--------+--------+-----+--------+
         Total |   6748 |   6523 |    225 |      0 |   4964 |  12 |  562.3 |
       Dungeon |   6351 |   6156 |    195 |      0 |   4817 |   9 |  705.7 |
        Temple |     32 |      2 |     30 |      0 |      0 |   1 |   32.0 |
  Orcish Mines |    219 |    219 |      0 |      0 |     59 |   1 |  219.0 |
         Sewer |    144 |    144 |      0 |      0 |     88 |   1 |  144.0 |
               +--------+--------+--------+--------+--------+-----+--------+

Top non-repeatable levels by time:
     D:1: 994 daAuts
     D:3: 945 daAuts
     D:5: 789 daAuts
     D:4: 773 daAuts
     D:9: 652 daAuts
     D:2: 631 daAuts
     D:7: 561 daAuts
     D:8: 521 daAuts
     D:6: 482 daAuts
   Orc:1: 219 daAuts
   Sewer: 144 daAuts
  Temple: 32 daAuts
